[Event "FIDE Grand Swiss 2023"]
[Site "Villa Marina, Douglas, Isle of Man, Isle Of Man"]
[Date "2023.11.04"]
[Round "10.3"]
[White "Esipenko, Andrey"]
[Black "Maghsoodloo, Parham"]
[Result "1-0"]
[TimeControl "40/90 + 30 + 30s/move"]
[WhiteFideId "24175439"]
[BlackFideId "12539929"]
[WhiteElo "2683"]
[BlackElo "2707"]

1. d4 Nf6 2. c4 e6 3. g3 d5 4. Nf3 Bb4+ 5. Bd2 Be7 6. Bg2 O-O 7. O-O h6 8. Qc2 c6 9. Bf4 Nbd7 10.
Rd1 a5 11. Nc3 b6 12. Ne5 Nxe5 13. dxe5 Nd7 14. cxd5 cxd5 15. e4 d4 16. Rxd4 Bc5 17. Rdd1 g5 18. Bc1 Qc7 19. Na4 Qxe5 20.
Nxc5 Nxc5 21. Be3 Ba6 22. Bd4 Qc7 23. Qc3 Kh7 24. Be5 Qa7 25. Qf3 Rg8 26. Rd6 g4 27. Qe3 Rad8 28. Rad1 Qe7 29.
h3 Rxd6 30. Bxd6 Qg5 31. Bf4 Qg7 32. Rd6 Qxb2 33. hxg4 Rxg4 34. Bf3 h5 35. Rd4 Bb7 36. Kh2 Qb1 37. Be5 Bxe4 38. Rd1 Qc2 39.
Bxg4 hxg4 40. Rd8 1-0

[Event "FIDE Grand Swiss 2023"]
[Site "Villa Marina, Douglas, Isle of Man, Isle Of Man"]
[Date "2023.11.04"]
[Round "10.11"]
[White "Anton Guijarro, David"]
[Black "Duda, Jan-Krzysztof"]
[Result "1/2-1/2"]
[TimeControl "40/90 + 30 + 30s/move"]
[WhiteFideId "2285525"]
[BlackFideId "1170546"]
[WhiteElo "2653"]
[BlackElo "2726"]

1. d4 Nf6 2. c4 e6 3. Nc3 Bb4 4. e3 c5 5. Nge2 cxd4 6. exd4 d5 7. c5 Ne4 8. a3 Nxc3 9. Nxc3 Bxc3+ 10. bxc3 O-O 11. Bd3 Qh4 12. Rb1 b6 13. cxb6 axb6 14. Rxb6 Nd7 15. Rb4 Ba6 16. O-O Rfc8 17. Qe2 Bxd3 18.
Qxd3 Qd8 19. c4 dxc4 20. Rxc4 Rxc4 21. Qxc4 Nb6 22. Qb3 Nd5 23. Bd2 Qd7 24. Rb1 h5 25. Qf3 Qa7 26. Qxh5 Qxa3 27.
Qe2 Nc3 28. Bxc3 Qxc3 29. Rd1 Rd8 30. Qe3 Qc2 31. Qd2 Qxd2 32. Rxd2 Rd5 33. f4 f6 34. Kf2 e5 35. Ke3 exd4+ 36. Rxd4 Rh5 37. h3 Kh7 38. Kf3 1/2-1/2

[Event "FIDE Grand Swiss 2023"]
[Site "Villa Marina, Douglas, Isle of Man, Isle Of Man"]
[Date "2023.11.04"]
[Round "10.20"]
[White "Nihal, Sarin"]
[Black "Najer, Evgeniy"]
[Result "1/2-1/2"]
[TimeControl "40/90 + 30 + 30s/move"]
[WhiteFideId "25092340"]
[BlackFideId "4118987"]
[WhiteElo "2694"]
[BlackElo "2648"]

1. Nf3 d5 2. d4 Nf6 3. c3 c6 4. Bf4 Bf5 5. Nh4 Be4 6. Nd2 e6 7. Qb3 b6 8. e3 Bd6 9. Bg5 Nbd7 10.
Nxe4 dxe4 11. g3 O-O 12. Qc2 h6 13. Bxf6 Nxf6 14. Be2 Qc7 15. O-O c5 16. Rad1 Rab8 17. dxc5 bxc5 18. Rd2 Be5 19.
Rfd1 Rb6 20. Bc4 Rfb8 21. b3 g5 22. Ng2 Kg7 23. Rf1 Rd6 24. Rxd6 Qxd6 25. Rd1 Qc7 26. Ne1 h5 27. f4 exf3 28.
Nxf3 g4 29. Nxe5 Qxe5 30. Qf2 Ne4 31. Qf4 Qxf4 32. exf4 Nxc3 33. Rd7 Kf6 34. Rxa7 Rd8 35. a4 Rd1+ 36. Kg2 Rd2+ 37. Kg1 Rd1+ 38.
Kg2 Nd5 39. Bxd5 exd5 40. Rc7 Rd2+ 41. Kg1 Rd1+ 42. Kf2 Rd2+ 43. Kg1 Rd1+ 44. Kf2 Ke5 1/2-1/2

[Event "FIDE Grand Swiss 2023"]
[Site "Villa Marina, Douglas, Isle of Man, Isle Of Man"]
[Date "2023.11.04"]
[Round "10.22"]
[White "Matlakov, Maxim"]
[Black "Saric, Ivan"]
[Result "1/2-1/2"]
[TimeControl "40/90 + 30 + 30s/move"]
[WhiteFideId "4168003"]
[BlackFideId "14508150"]
[WhiteElo "2674"]
[BlackElo "2647"]

1. d4 Nf6 2. c4 e6 3. Nf3 d5 4. g3 Bb4+ 5. Bd2 a5 6. Bg2 O-O 7. Qc1 Nbd7 8. O-O Be7 9. Rd1 c6 10.
Bf4 a4 11. Qc2 h6 12. a3 Ne4 13. Nc3 Nxc3 14. Qxc3 f5 15. Ne5 g5 16. Nxd7 Bxd7 17. Be5 Qa5 18. Qd3 Bf6 19. Bxf6 Rxf6 20.
b4 axb3 21. Qxb3 Ra7 22. h4 dxc4 23. Qxc4 gxh4 24. gxh4 Rg6 25. Kf1 Qc7 26. Qb3 Qh2 27. Qh3 Qxh3 28. Bxh3 b5 29. Bg2 Kf7 30.
Rac1 Rxa3 31. Bxc6 Bxc6 32. Rxc6 Rh3 33. e3 f4 34. exf4 Rxh4 35. Rc5 Rh1+ 36. Ke2 Rxd1 37. Kxd1 Rf6 38.
d5 exd5 39. Rxb5 d4 40. Ke2 Rxf4 41. Kd3 Kg6 42. Rd5 Rxf2 43. Rxd4 Kg5 44. Ke3 Rf6 45. Ke2 h5 46. Rd1 h4 47.
Rf1 h3 48. Rxf6 Kxf6 1/2-1/2

[Event "FIDE Grand Swiss 2023"]
[Site "Villa Marina, Douglas, Isle of Man, Isle Of Man"]
[Date "2023.11.04"]
[Round "10.30"]
[White "Volokitin, Andrei"]
[Black "L'ami, Erwin"]
[Result "1-0"]
[TimeControl "40/90 + 30 + 30s/move"]
[WhiteFideId "14107090"]
[BlackFideId "1007998"]
[WhiteElo "2664"]
[BlackElo "2627"]

1. e4 e5 2. Nf3 Nc6 3. Bc4 Bc5 4. O-O Nf6 5. d3 h6 6. c3 d6 7. Re1 O-O 8. h3 a6 9. a4 Ba7 10.
Nbd2 Re8 11. b4 Be6 12. Bxe6 Rxe6 13. Qc2 Ne7 14. d4 Ng6 15. d5 Re8 16. c4 a5 17. bxa5 Nd7 18. Nb3 Nc5 19.
Be3 Nxb3 20. Qxb3 Bxe3 21. Rxe3 Nf8 22. Qxb7 Rb8 23. Qc6 Nd7 24. Nd2 Nc5 25. Raa3 Qc8 26. Reb3 Nxb3 27. Rxb3 Rf8 28.
a6 Rxb3 29. Nxb3 f5 30. a7 fxe4 31.
Nd2 Qa8 32. Qxc7 Rf7 33. Qb8+ Rf8 34. Qc7 Rf7 35. Qb8+ Rf8 36. Qxa8 Rxa8 37. Nxe4 Rxa7 38. Nxd6 Rc7 39. a5 Kf8 40.
a6 Ra7 41. c5 Rxa6 42. c6 Ra1+ 43. Kh2 Rc1 44. Kg3 Rc3+ 45. Kg4 g6 46. Nb5 Rc2 47. c7 Ke7 48. d6+ Kd7 49. Na7 1-0

[Event "FIDE Grand Swiss 2023"]
[Site "Villa Marina, Douglas, Isle of Man, Isle Of Man"]
[Date "2023.11.04"]
[Round "10.41"]
[White "Svane, Rasmus"]
[Black "Bachmann, Axel"]
[Result "0-1"]
[TimeControl "40/90 + 30 + 30s/move"]
[WhiteFideId "4657101"]
[BlackFideId "3700488"]
[WhiteElo "2646"]
[BlackElo "2604"]

1. Nf3 Nf6 2. c4 b6 3. g3 Bb7 4. Bg2 c5 5. O-O g6 6. d4 cxd4 7. Qxd4 d6 8. Nc3 Nbd7 9. Be3 Rc8 10. Rac1 Bg7 11. Rfd1 h6 12.
b3 O-O 13. Qd2 Ng4 14. Bd4 Ngf6 15. Be3 h5 16. Ne1 Qc7 17. Bh3 Qb8 18. Nd3 Rcd8 19. Bh6 Rfe8 20. Bxg7 Kxg7 21. Nf4 h4 22.
Bxd7 Rxd7 23. Ncd5 hxg3 24. hxg3 Rh8 25. f3 Ne8 26. Kg2 e5 27. Rh1 Rxh1 28. Rxh1 exf4 29. Qd4+ f6 30. Nxf4 Re7 31.
Qd3 f5 32. g4 Re5 33. gxf5 Rxf5 34. Ne6+ Kf7 35. Qe3 Re5 36. Ng5+ Kg7 37. Ne4 Bxe4 38. Qh6+ Kf7 39. Qh8 Ke7 40.
fxe4 Qa8 41. Qh7+ Kd8 42. Qxg6 Rxe4 43. Kf2 Rxe2+ 44. Kxe2 Qxh1 45. Qg5+ Kc8 46. Qe7 Qh5+ 47. Kd3 Nc7 0-1

[Event "FIDE Grand Swiss 2023"]
[Site "Villa Marina, Douglas, Isle of Man, Isle Of Man"]
[Date "2023.11.04"]
[Round "10.48"]
[White "Wagner, Dennis"]
[Black "Iturrizaga Bonelli, Eduardo"]
[Result "1/2-1/2"]
[TimeControl "40/90 + 30 + 30s/move"]
[WhiteFideId "24650684"]
[BlackFideId "3901211"]
[WhiteElo "2589"]
[BlackElo "2615"]

1. d4 Nf6 2. c4 c6 3. Nc3 d5 4. e3 Bf5 5. Nf3 e6 6. Nh4 Be4 7. f3 Bg6 8. Qb3 Qc7 9. Bd2 Be7 10.
cxd5 cxd5 11. Nxg6 hxg6 12. O-O-O Nc6 13. Kb1 a6 14. Rc1 Nd7 15. Bd3 Na5 16. Nxd5 Qxc1+ 17. Bxc1 Nxb3 18. Nc7+ Kd8 19. Nxa8 Na5 20. e4 Nc6 21.
Bf4 Nxd4 22. Bc7+ Ke8 23. Nb6 Bd8 24. Nxd7 Bxc7 25. Nc5 b6 26. Nxa6 Bxh2 27. Nc7+ Kd7 28. Nb5 Nc6 29. a3 g5 30.
b4 Rh4 31. Rd1 Be5 1/2-1/2

[Event "FIDE Grand Swiss 2023"]
[Site "Villa Marina, Douglas, Isle of Man, Isle Of Man"]
[Date "2023.11.04"]
[Round "10.49"]
[White "Karthikeyan, Murali"]
[Black "Lazavik, Denis"]
[Result "1/2-1/2"]
[TimeControl "40/90 + 30 + 30s/move"]
[WhiteFideId "5074452"]
[BlackFideId "13515110"]
[WhiteElo "2611"]
[BlackElo "2560"]

1. e4 e5 2. Nf3 Nc6 3. Bb5 Nf6 4. d3 Bc5 5. O-O Nd4 6. Be3 Nxf3+ 7. Qxf3 Bxe3 8. Qxe3 c6 9. Bc4 O-O 10.
Bb3 d6 11. Nd2 a5 12. a4 Be6 13. Bxe6 fxe6 14. c3 b5 15. g3 Qc7 16. h3 Rab8 17. Rfb1 b4 18. d4 Nd7 19. Re1 bxc3 20.
bxc3 exd4 21. cxd4 Rb4 22. Rec1 Nb6 23. Rc2 Qd7 24. Rac1 d5 25. e5 Rxa4 26. Rxc6 Nc4 27. Nxc4 Qxc6 28.
Nb2 Rc4 29. Nxc4 dxc4 30. Qc3 Rc8 31. Qxa5 c3 32. Qa2 c2 33. Qb3 Kf7 34. f3 Qc3 35. Qxc3 Rxc3 36. Kf2 Ke7 37. Ke2 Kd7 38.
h4 h5 39. g4 Kc6 40. Kd2 Rxf3 41. Rxc2+ Kd5 42. Rc7 hxg4 43. Rxg7 Kxd4 44. Rxg4+ 1/2-1/2

[Event "FIDE Grand Swiss 2023"]
[Site "Villa Marina, Douglas, Isle of Man, Isle Of Man"]
[Date "2023.11.04"]
[Round "10.51"]
[White "Mareco, Sandro"]
[Black "Royal, Shreyas"]
[Result "1/2-1/2"]
[TimeControl "40/90 + 30 + 30s/move"]
[WhiteFideId "112275"]
[BlackFideId "448869"]
[WhiteElo "2606"]
[BlackElo "2407"]

1. e4 c5 2. Nf3 d6 3. Bb5+ Nd7 4. a4 Ngf6 5. Nc3 a6 6. Be2 g6 7. O-O Bg7 8. a5 O-O 9. d3 b5 10.
axb6 a5 11. Bf4 Bb7 12. Qd2 Bc6 13. Bh6 Qxb6 14. Ra2 Rfb8 15. Rfa1 a4 16. Bxg7 Kxg7 17. h3 e5 18. Bd1 Qc7 19.
Qe3 Rb4 20. b3 axb3 21. Rxa8 d5 22. R1a7 Qd6 23. Rc8 d4 24. Qe1 dxc3 25. cxb3 Bb7 26. Rd8 Qxd3 27. Nxe5 Qb1 28. Nxd7 c2 29.
Nxc5 Bd5 30. Ne6+ Bxe6 31. Qxb4 cxd1=R+ 32. Rxd1 Qxd1+ 33. Kh2 Qxb3 34. Qxb3 1/2-1/2